 Dungeon Crawl Stone Soup version 0.30-a0-576-g89cddaab80 (webtiles) character file.

Game seed: 11983854540208299616

54476 brightshaft the Impaler (level 14, -10/127 (130) HPs)
             Began as a Minotaur Fighter on Dec 31, 2022.
             Was an Elder of Ru.
             Killed by divine providence
             ... invoked by an orc priest
              (11 damage)
             ... on level 2 of the Orcish Mines.
             The game lasted 00:37:36 (18422 turns).

brightshaft the Impaler (Minotaur Fighter)         Turns: 18422, Time: 00:37:37

HP:   -10/127 (130) AC: 25    Str: 25      XL:     14   Next: 34%
MP:   11/11         EV:  9    Int:  4 (5)  God:    Ru [****..]
Gold: 1960          SH:  0    Dex: 11      Spells: 13/13 levels left

rFire   . . .      SeeInvis .    b - +6 glaive (heavy)
rCold   . . .      Faith    .    (shield currently unavailable)
rNeg    . . .      Spirit   .    T - +2 chain mail {Will+}
rPois   +          Reflect  .    (helmet restricted)
rElec   .          Harm     .    r - +2 cloak
rCorr   .          Rampage  .    n - +2 pair of gloves
Will    ++...                    d - +2 pair of boots Stlth
                                 (no amulet)
HPRegen 0.41/turn                w - ring of poison resistance
MPRegen 0.12/turn                (no ring)

@: exhausted, marked, spiked, lightly drained
A: horns 2, low MP 1, hated by all, inability to train dodging, no fire magic,
no necromancy magic, no transmutations magic, retaliatory headbutt
a: Renounce Religion, Draw Out Power, Power Leap


You were on level 2 of the Orcish Mines.
You worshipped Ru.
Ru was greatly pleased with you.
You visited 4 branches of the dungeon, and saw 20 of its levels.
You also visited: Bailey.

You collected 1960 gold pieces.

Inventory:

Hand Weapons
 a - the +7 staff of the Meek {protect, meekguard}
   (You found it on level 7 of the Dungeon)

   It grants its wielder temporary protection when it strikes (+7 to AC).
   It provides extra protection to wielders with little health.
 b - a +6 heavy glaive (weapon)
 K - a +2 trident of venom
Missiles
 e - 19 boomerangs (quivered)
 i - 15 poisoned darts
Armour
 c - a +0 buckler
 d - a +2 pair of boots (worn)
 k - a scarf of repulsion
 n - a +2 pair of gloves (worn)
 p - a +1 chain mail of cold resistance
 r - a +2 cloak (worn)
 F - a +0 plate armour
 O - a scarf of resistance
 Q - +0 fire dragon scales
 R - +0 swamp dragon scales
 T - a +2 chain mail of willpower (worn)
Jewellery
 w - a ring of poison resistance (left hand)
Wands
 m - a wand of charming (6)
 s - a wand of roots (25)
 t - a wand of digging (8)
 D - a wand of flame (33) {@v2}
 M - a wand of polymorph (20)
 N - a wand of quicksilver (6)
Scrolls
 o - 6 scrolls of teleportation {@r4}
 u - 4 scrolls of amnesia
 v - a scroll of fog
 x - 4 scrolls of fear
 y - 9 scrolls of identify {@r1}
 B - 2 scrolls of butterflies
 C - 3 scrolls of magic mapping
 H - 2 scrolls of poison
 J - 2 scrolls of enchant armour
Potions
 f - 6 potions of mutation
 h - 3 potions of ambrosia {unknown}
 j - 6 potions of curing {@q1}
 l - 4 potions of lignification
 q - 3 potions of flight {unknown}
 z - 5 potions of cancellation {unknown}
 A - 5 potions of heal wounds {@q2}
 E - 2 potions of brilliance {unknown}
 G - 4 potions of haste {unknown}
 I - 3 potions of invisibility {unknown}
 L - 2 potions of attraction {unknown}
 P - a potion of degeneration {unknown}
 S - a potion of resistance


   Skills:
 * Level 13.7 Fighting
 - Level 20.0 Polearms
 * Level 13.8 Armour
   Level 0.0 Dodging
 - Level 5.2 Shields
 + Level 2.7 Evocations


You had 13 spell levels left.
You didn't know any spells.
Your spell library contained the following spells:

 Spells                   Type           Power      Damage    Failure   Level
 Apportation              Tloc           0%         N/A       94%         1
 Poisonous Vapours        Pois/Air       0%         N/A       98%         2
 Dazzling Flash           Conj/Hex       0%         N/A       100%        3
 Gell's Gravitas          Tloc           0%         N/A       100%        3
 Mephitic Cloud           Conj/Pois/Air  0%         N/A       100%        3
 Ozocubu's Armour         Ice            0%         N/A       100%        3
 Teleport Other           Tloc           0%         N/A       100%        3
 Cause Fear               Hex            0%         N/A       100%        4
 Iskenderun's Mystic Bla  Conj/Tloc      0%         2d3       100%        4
 Leda's Liquefaction      Hex/Erth       0%         N/A       100%        4
 Lee's Rapid Deconstruct  Erth           0%         3d4*      100%        5
 Metabolic Englaciation   Hex/Ice        0%         N/A       100%        5
 Dispersal                Tloc           0%         N/A       100%        6
 Discord                  Hex            0%         N/A       100%        8
 Necrotise                Necr           Unusable   1d4       N/A         1
 Summon Small Mammal      Summ           Unusable   N/A       N/A         1
 Cigotuvi's Dreadful Rot  Necr/Pois/Air  Unusable   N/A       N/A         2
 Inner Flame              Hex/Fire       Unusable   N/A       N/A         3
 Alistair's Intoxication  Tmut/Pois      Unusable   N/A       N/A         5
 Simulacrum               Ice/Necr       Unusable   N/A       N/A         6
 Starburst                Conj/Fire      Unusable   6d3       N/A         6
 Statue Form              Tmut/Erth      Unusable   N/A       N/A         6

Dungeon Overview and Level Annotations

Branches:
Dungeon (12/15)            Temple (1/1) D:4            Lair (5/5) D:10
  Swamp (0/4) Lair:3       Spider (0/4) Lair:3        Slime (0/5) Lair:4
    Orc (2/2) D:10         Bailey (visited)
    Elf: Orc:2

Altars:
Ashenzari
Elyvilon
Gozag
Makhleb
Okawaru
Ru
Trog
Wu Jian
Xom

Shops:
D:3 *   D:8 ?

Annotations:
D:8 4 runed translucent doors
D:10 1 runed translucent door, PyroL's ghost, journeyman DrIE
Lair:4 exclusion: oklob plant
Lair:5 exclusion: oklob plant
Orc:2 Rupert


Innate Abilities, Weirdness & Mutations

You have a pair of horns on your head.
Your magical capacity is low. (-10% MP)
You are hated by all.
You cannot train Dodging skill.
You cannot study or cast Fire magic.
You cannot study or cast Necromancy magic.
You cannot study or cast Transmutations magic.
You reflexively headbutt those who attack you in melee.


Message History

An orc priest comes into view. It is wielding a +0 flail.
An orc priest comes into view. It is wielding a +0 hand axe.
You feel your intelligence returning.
An orc wizard comes into view. It is wielding a +1 vampiric dagger.
You slice the orc sorcerer like a ripe choko!!!
You kill the orc sorcerer!
The orc priest no longer looks unusually strong.
A warg comes into view.
The ogre is stunned by your conviction and fails to attack.
The orc high priest hits you but does no damage.
Rupert is stunned by your conviction and fails to attack.
The orc knight roars a battlecry!
The orcs go into a battle-frenzy!
The ogre hits you with a +0 giant spiked club!
* * * LOW HITPOINT WARNING * * *
The orc priest begins to pray, but is stunned by your conviction!
An orc comes into view. It is wielding a +0 whip.
The orc priest begins to pray, but is stunned by your conviction!
An orc high priest comes into view. It is wielding a +0 short sword.
An orc priest comes into view. It is wielding a +0 dagger.
An orc priest comes into view. It is wielding a +0 club.
An orc and an ogre come into view.
You barely miss Rupert.
Rupert is lightly wounded.
The ogre barely misses you.
The cyclops throws a large rock.
The large rock hits you!
* * * LOW HITPOINT WARNING * * *
The orc high priest invokes the aid of Beogh against you.
Beogh smites you!
* * * LOW HITPOINT WARNING * * *
Rupert roars madly and goes into a rage!
Rupert goes berserk!
You redirect the orc knight's attack!
The orc knight hits you with a +1 great sword!
* * * LOW HITPOINT WARNING * * *
An orc priest comes into view. It is wielding a +0 club. x2
The orc priest begins to pray, but is stunned by your conviction!
The orc priest invokes the aid of Beogh against you.
Beogh smites you!
You die...

......... ... ........#
.....#... ## .##
..ooo........##.#.###.##..##
....oo#.##..##.....#.......#
....hoo..#..o.....#........#
......oo....o#○............#
....oO)oo......#..#.........
......o44o##Oo..............
........†#o@#.............#.
........#oO)@............##.
......o..#C...°.............
....°..○....○○#........#....
.....○...................#.#
...........○....<...........
....°.○.....#.....<.........
....#○.......○.○...........
..........#...............


You could see Rupert (berserk, poisoned), an orc knight, 2 orc high priests, an
orange demon (summoned), a cyclops (poisoned), a warg, a red devil (summoned),
an orc warrior (strong), 3 ogres, 9 orc priests, an orc wizard (strong) and 4
orcs.

Vanquished Creatures
  A fire dragon (Lair:5)
  2 hydras
  2 two-headed ogres
  3 death yaks (D:10)
  2 orc high priests
  A sixfirhy (D:7)
  Amaemon (Lair:1)
  A swamp dragon (Lair:5)
  A lindwurm (Lair:5)
  2 orc knights
  A wolf spider (Lair:5)
  An ugly thing (D:10)
  2 orc sorcerers
  A faun (Lair:1)
  A cyclops (D:11)
  2 manticores (D:11)
  13 elephants
  A guardian serpent (Lair:5)
  9 black mambas
  A torpor snail (Lair:3)
  An orange demon (Lair:1)
  3 rime drakes (Lair:5)
  10 cane toads
  8 komodo dragons
  A kobold demonologist (D:11)
  2 polar bears
  A troll (Orc:2)
  Grinder (D:4)
  3 hornets (Lair:5)
  16 blink frogs
  2 shadows
  A wraith (D:10)
  54 yaks
  13 wyverns
  3 basilisks
  2 vampire mosquitoes (D:11)
  3 steam dragons
  3 redbacks (Lair:5)
  Edmund (D:4)
  2 wargs (Orc:2)
  3 acid dragons
  25 water moccasins
  A swamp drake (Lair:5)
  3 sky beasts
  18 orc warriors
  2 ice beasts
  4 black bears
  4 ogres
  3 centaurs
  30 wolves
  A phantom (D:6)
  12 bullfrogs
  2 necrophages (D:7)
  A gnoll sergeant (D:9)
  3 scorpions
  12 wights
  7 killer bees (D:8)
  A howler monkey (D:6)
  2 electric eels
  2 hounds (D:6)
  8 orc priests
  3 gnoll boudas
  Natasha (twice) (D:2)
  13 iguanas
  21 orc wizards
  Robin (D:4)
  5 adders
  14 gnolls
  A river rat (D:10)
  4 shadow imps
  4 white imps
  A dart slug (D:2)
  75 orcs
  7 ball pythons
  7 endoplasms
  6 giant cockroaches
  12 goblins
  16 hobgoblins
  2 jackals (D:2)
  3 quokkas
  A bat (D:3)
  8 frilled lizards
  4 kobolds
  9 rats
541 creatures vanquished.

Vanquished Creatures (collateral kills)
  2 orcs (Bailey)
2 creatures vanquished.

Vanquished Creatures (others)
  An elephant (Lair:1)
  2 orc warriors (Bailey)
  A wolf (Lair:1)
  An orc wizard (D:7)
  A gnoll (D:8)
  2 orcs
  16 fungi
  48 plants
  4 toadstools (D:3)
76 creatures vanquished.

Grand Total: 619 creatures vanquished

Notes
Turn   | Place    | Note
-------+----------+-------------------------------------------
     0 | D:1      | brightshaft the Minotaur Fighter began the quest for the
                  | Orb.
     0 | D:1      | Reached XP level 1. HP: 19/19 MP: 0/0
    75 | D:1      | Reached skill level 3 in Polearms
   162 | D:1      | Reached XP level 2. HP: 26/26 MP: 1/1
   940 | D:2      | Reached skill level 4 in Polearms
   953 | D:2      | Reached XP level 3. HP: 31/31 MP: 2/2
  1100 | D:2      | Noticed Natasha
  1106 | D:2      | Killed Natasha
  1107 | D:2      | Reached skill level 5 in Polearms
  1202 | D:2      | Reached XP level 4. HP: 39/39 MP: 3/3
  1338 | D:2      | Noticed Natasha
  1345 | D:2      | Killed Natasha
  1785 | D:3      | Found Omegurud's Assorted Antiques.
  1856 | D:3      | Reached skill level 6 in Polearms
  2240 | D:3      | Reached XP level 5. HP: 43/45 MP: 4/4
  2291 | D:4      | Noticed Edmund
  2304 | D:4      | Killed Edmund
  2305 | D:4      | Reached skill level 7 in Polearms
  2305 | D:4      | Reached XP level 6. HP: 37/51 MP: 5/5
  2545 | D:4      | Found a staircase to the Ecumenical Temple.
  2558 | D:4      | Noticed Robin
  2563 | D:4      | Reached skill level 8 in Polearms
  2574 | D:4      | Killed Robin
  2923 | D:4      | Noticed Grinder
  2928 | D:4      | Paralysed by Grinder for 2 turns
  2942 | D:4      | Killed Grinder
  2943 | D:4      | Reached XP level 7. HP: 33/59 MP: 6/6
  3492 | D:5      | Entered Level 5 of the Dungeon
  3507 | D:5      | Reached skill level 9 in Polearms
  3826 | D:5      | Reached skill level 5 in Armour
  3927 | D:5      | Reached skill level 5 in Fighting
  4023 | D:5      | Reached skill level 5 in Shields
  4068 | D:5      | Reached XP level 8. HP: 68/68 MP: 7/7
  4262 | D:6      | Reached skill level 10 in Polearms
  4262 | D:6      | Reached skill level 1 in Dodging
  4860 | D:7      | Found a flagged portal.
  4872 | Bailey   | Entered a bailey
  5207 | Bailey   | Reached XP level 9. HP: 51/78 MP: 8/8
  5213 | Bailey   | Reached skill level 11 in Polearms
  5361 | Bailey   | Noticed an orc knight
  5383 | Bailey   | Killed an orc knight
  5790 | D:7      | Reached skill level 12 in Polearms
  5848 | D:6      | Found a basalt altar of Yredelemnul.
  5848 | D:6      | Found a shimmering altar of Xom.
  6197 | D:7      | Noticed a sixfirhy
  6198 | D:7      | Found a runed translucent door.
  6331 | D:7      | Found the +7 staff of the Meek {protect, meekguard}
  6401 | D:7      | Reached XP level 10. HP: 81/86 MP: 9/9
  6540 | D:7      | Killed a sixfirhy
  6541 | D:7      | Reached skill level 13 in Polearms
  6632 | D:8      | Found Usuu's Magic Scroll Emporium.
  6724 | D:8      | Reached skill level 14 in Polearms
  6935 | D:8      | Reached skill level 15 in Polearms
  6954 | D:8      | HP: 1/86 [gnoll/+0 halberd (11)]
  6959 | D:8      | Noticed a two-headed ogre
  6969 | D:8      | HP: 4/86 [gnoll/+0 spear (2)]
  6971 | D:8      | Killed a two-headed ogre
  6977 | D:8      | HP: 3/86 [orc/+0 whip of electrocution (19)]
  6985 | D:8      | Reached skill level 16 in Polearms
  7199 | D:8      | Found a huge runed translucent gate.
  7199 | D:8      | Found a huge runed translucent gate.
  7199 | D:8      | Found a huge runed translucent gate.
  7199 | D:8      | Found a huge runed translucent gate.
  7199 | D:8      | Noticed a death yak
  7201 | D:8      | Noticed a manticore
  7632 | D:9      | Reached XP level 11. HP: 85/92 MP: 10/10
  7901 | D:9      | Reached skill level 17 in Polearms
  8015 | D:9      | Found a burning altar of Makhleb.
  8015 | D:9      | Found a bloodstained altar of Trog.
  8125 | Temple   | Entered the Ecumenical Temple
  8143 | Temple   | Became a worshipper of Ru the Awakened
  8738 | D:10     | Entered Level 10 of the Dungeon
  8780 | D:10     | Noticed a two-headed ogre
  8784 | D:10     | Killed a two-headed ogre
  8900 | D:10     | Noticed a brown ugly thing
  8905 | D:10     | Killed a brown ugly thing
  8906 | D:10     | Reached skill level 18 in Polearms
  8928 | D:10     | Noticed a death yak
  8929 | D:10     | Noticed a death yak
  8931 | D:10     | Noticed a death yak
  9605 | D:11     | Gained mutation: You cannot study or cast Fire magic. [Ru
                  | sacrifice]
  9605 | D:11     | Gained mutation: You cannot study or cast Transmutations
                  | magic. [Ru sacrifice]
  9605 | D:11     | Gained mutation: You cannot study or cast Necromancy magic.
                  | [Ru sacrifice]
  9605 | D:11     | Reached * piety under Ru
  9652 | D:11     | Reached skill level 19 in Polearms
  9849 | D:10     | Found a staircase to the Orcish Mines.
  9875 | D:10     | Killed a death yak
  9884 | D:10     | Killed a death yak
  9893 | D:10     | Killed a death yak
  9894 | D:10     | Reached XP level 12. HP: 71/100 MP: 11/11
  9994 | D:10     | Found a staircase to the Lair.
 10143 | D:10     | Found a runed translucent door.
 10143 | D:10     | Found a shimmering altar of Xom.
 10143 | D:10     | Noticed PyroL's ghost (journeyman DrIE)
 10320 | D:10     | Reached skill level 20 in Polearms
 10614 | D:10     | Reached skill level 5 in Dodging
 10876 | Lair:1   | Entered Level 1 of the Lair of Beasts
 11043 | Lair:1   | Noticed Amaemon
 11052 | Lair:1   | Killed Amaemon
 12057 | Lair:1   | Reached skill level 10 in Fighting
 12057 | Lair:1   | Reached skill level 10 in Armour
 12061 | Lair:1   | Gained mutation: You are hated by all. [Ru sacrifice]
 12061 | Lair:1   | Reached ** piety under Ru
 12511 | Lair:2   | Noticed a six-headed hydra
 12523 | Lair:2   | Killed a six-headed hydra
 12673 | Lair:2   | Reached XP level 13. HP: 109/114 MP: 12/12
 13209 | Lair:3   | Found a hole to the Spider Nest.
 13237 | Lair:3   | Found a staircase to the Swamp.
 13984 | Lair:4   | Found a staircase to the Slime Pits.
 14184 | Lair:4   | Gained mutation: Your magical capacity is low. (-10% MP)
                  | [Ru sacrifice]
 14184 | Lair:4   | Reached *** piety under Ru
 14334 | Lair:4   | Found a shimmering altar of Xom.
 15100 | Lair:5   | Entered Level 5 of the Lair of Beasts
 15509 | Lair:5   | Reached skill level 10 in Dodging
 16508 | Lair:5   | Gained mutation: You cannot train Dodging skill. [Ru
                  | sacrifice]
 16508 | Lair:5   | Reached **** piety under Ru
 16600 | Lair:5   | Reached XP level 14. HP: 123/127 MP: 11/11
 16665 | Lair:5   | Reached skill level 1 in Evocations
 17702 | Orc:1    | Entered Level 1 of the Orcish Mines
 18319 | Orc:2    | Entered Level 2 of the Orcish Mines
 18397 | Orc:2    | Noticed Rupert
 18415 | Orc:2    | HP: 5/130 [red devil/+0 trident[an orc high priest] (18)]
 18422 | Orc:2    | HP: 1/127 [orc knight/+1 great sword (9)]
 18422 | Orc:2    | Killed from afar by an orc priest

Illustrated notes

Levels and vault maps discovered:
D:1:      lightli_arrival_boilingwater, layout_basic
D:2:      layout_basic, uniq_natasha
D:3:      layout_loops_ring, serial_shops, shop, minmay_gold_behind_fungi
D:4:      layout_loops_corners, minmay_temple_entry_mist, eino_curves_01,
          uniq_robin, uniq_grinder, uniq_edmund
D:5:      layout_gridville
D:6:      layout_rooms, nicolae_overflow_hidden_temple
D:7:      cheibrodos_shockbox, layout_rooms, enter_bailey_2,
          pf_guarded_unrand_meek
D:8:      lemuel_bear_cage, layout_rooms, serial_shops, shop,
          kennysheep_kite_vault
D:9:      layout_basic, gammafunk_temple_overflow_elements
D:10:     layout_layer_cave, dpeg_lair_monsters, orc_0_dummy, ebering_ghost_xom
D:11:     layout_grid_maze
D:12:     layout_roguey, minivault_1, uniq_erolcha, uniq_snorg
Temple:   mainiacjoe_temple_coin_purse
Lair:1:   layout_long_grid, grunt_forest_large_clearings, grunt_megastairs_3,
          uniq_amaemon
Lair:2:   layout_roguey, serial_bayou_shore_a
Lair:3:   layout_regular_city, swamp_mist_pool, spider_nest_entry_web_field,
          serial_bayou_shore_b, lemuel_fruit_tree, grunt_megastairs_4,
          infiniplex_staircase_pool, serial_bayou_shore_b, lemuel_fruit_fields
Lair:4:   layout_long_grid, slime_entry_1, lemuel_oklob_altar,
          infiniplex_staircase_pool_2
Lair:5:   hangedman_lair_tendril_chambers, layout_hall_layers,
          guppyfry_lair_end_dragon
Orc:1:    layout_caves
Orc:2:    st_orc_town, layout_caves, serial_shops, shop, nicolae_orc_lava_room,
          uniq_rupert

Skill      XL: |  1  2  3  4  5  6  7  8  9 10 11 12 13 14 |
---------------+-------------------------------------------+-----
Polearms       | 3 4 5 6 7 8 9 10 12 16 19 20 | 20.0
Fighting       | 4 5 6 7 10 12 13 | 13.7
Armour         | 4 5 6 7 10 12 13 | 13.8
Shields        | 4 5 |  5.2
Dodging        | 3 4 8 0 |  0.0
Evocations     | 2 |  2.7

Action                   |  1- 3 |  4- 6 |  7- 9 | 10-12 | 13-15 || total
-------------------------+-------+-------+-------+-------+-------++-------
Melee: Trident           |    77 |   119 |   205 |       |       ||   401
       Headbutt          |     6 |    18 |    31 |    72 |    63 ||   190
       Glaive            |       |       |    87 |   257 |   395 ||   739
       Quarterstaff      |       |       |       |   199 |     4 ||   203
Invok: Sacrifice Arcana  |       |       |       |     1 |       ||     1
       Sacrifice Love    |       |       |       |     1 |       ||     1
       Draw Out Power    |       |       |       |       |     4 ||     4
       Sacrifice Essence |       |       |       |       |     1 ||     1
       Sacrifice Nimblen |       |       |       |       |     1 ||     1
Evoke: Wand              |       |       |     8 |     2 |       ||    10
  Use: Scroll            |     5 |     4 |    12 |     5 |     6 ||    32
       Potion            |       |     1 |     7 |     8 |     2 ||    18
 Stab: Distracted        |       |       |       |       |     1 ||     1
       Paralysed         |       |       |       |       |     1 ||     1
Armor: Scale mail        |    17 |    15 |       |       |       ||    32
       Ring mail         |       |     9 |   108 |    75 |       ||   192
       Skin              |       |       |    37 |       |       ||    37
       Chain mail        |       |       |       |   362 |   254 ||   616
Dodge: Dodged            |    13 |    38 |   162 |   390 |   208 ||   811
       Repelled          |       |       |     2 |       |       ||     2
Block: Buckler           |    11 |    10 |    31 |       |       ||    52

Table legend: (Time is in decaauts)
 A = Elapsed time spent in this place.
 B = Non-inter-level travel time spent in this place.
 C = Inter-level travel time spent in this place.
 D = Time resting spent in this place.
 E = Time spent auto-exploring this place.
 F = Levels seen in this place.
 G = Mean time per level.
                   A        B        C        D        E       F      G
               +--------+--------+--------+--------+--------+-----+--------+
         Total |  18511 |  17691 |    820 |      0 |  14693 |  21 |  881.5 |
       Dungeon |  10525 |   9919 |    606 |      0 |   8264 |  12 |  877.1 |
        Temple |     33 |     20 |     13 |      0 |      1 |   1 |   33.0 |
          Lair |   6777 |   6583 |    194 |      0 |   5558 |   5 | 1355.4 |
  Orcish Mines |    464 |    457 |      7 |      0 |    299 |   2 |  232.0 |
        Bailey |    709 |    709 |      0 |      0 |    570 |   1 |  709.0 |
               +--------+--------+--------+--------+--------+-----+--------+

Top non-repeatable levels by time:
  Lair:5: 2500 daAuts
    D:10: 1436 daAuts
     D:4: 1261 daAuts
     D:8: 1221 daAuts
  Lair:4: 1149 daAuts
  Lair:1: 1095 daAuts
  Lair:2: 1042 daAuts
  Lair:3: 989 daAuts
    D:11: 979 daAuts
     D:5: 915 daAuts
     D:7: 909 daAuts
     D:2: 865 daAuts
     D:1: 835 daAuts
     D:9: 821 daAuts
  Bailey: 709 daAuts
